 Dungeon Crawl Stone Soup version 0.13.1-27-ga479965 (webtiles) character file.

406 Charos the Charmwright (level 5, -5/36 HPs)
             Began as a High Elf Skald on Feb 14, 2014.
             Killed by divine providence
             ... invoked by an orc priest
              (14 damage)
             ... on Level 4 of the Dungeon.
             The game lasted 00:16:59 (4334 turns).

Charos the Charmwright (High Elf Skald)             Turns: 4334, Time: 00:16:59

HP  -5/36        AC  6     Str 12      XL: 5   Next: 76%
MP   2/13        EV 14     Int 16      God:
Gold 171         SH  0     Dex 14      Spells:  3 memorised,  2 levels left

Res.Fire  : . . .   See Invis. : .   a - +0 elf short sword
Res.Cold  : . . .   Warding    : .   b - +0 elf leather armour
Life Prot.: . . .   Conserve   : .   (no shield)
Res.Poison: .       Res.Corr.  : .   q - +0 helmet
Res.Elec. : .       Clarity    : .   (no cloak)
Sust.Abil.: . .     Spirit.Shd : .   (no gloves)
Res.Mut.  : .       Stasis     : .   n - +0 pair of boots
Res.Rott. : .       Flight     : .   (no amulet)
Saprovore : . . .                    (no ring)
                                     (no ring)

@: slowed, very slow, slightly resistant to hostile enchantments, very
unstealthy
A: no striking features
a: no special abilities


You were on level 4 of the Dungeon.
You were very hungry.

You visited 2 branches of the dungeon, and saw 5 of its levels.

You collected 151 gold pieces.

Inventory:

Hand weapons
 a - a +0,+0 elven short sword (weapon)
Missiles
 y - 4 darts (quivered)
Armour
 b - a +0 elven leather armour (worn)
 n - a +0 pair of boots (worn)
 q - a +0 helmet (worn)
Magical devices
 m - a wand of random effects (12)
Comestibles
 d - a bread ration
 f - a meat ration
 p - 2 rotting chunks of goblin flesh
 s - a rotting chunk of worm flesh
 v - a chunk of hobgoblin flesh
 x - a rotting chunk of giant gecko flesh
 A - a banana
Scrolls
 e - a scroll of fog {unknown}
 g - 2 scrolls of recharging {unknown}
 h - a scroll of fear {unknown}
 i - 6 scrolls of identify
 j - 2 scrolls of curse jewellery {unknown}
 k - a scroll of curse weapon {unknown}
 l - a scroll of enchant weapon II {unknown}
 o - a scroll of curse armour {unknown}
 r - a scroll of amnesia {unknown}
 t - a scroll of enchant armour {unknown}
 u - a scroll of remove curse {unknown}
 z - a scroll of enchant weapon I {unknown}
Potions
 w - a potion of brilliance
Books
 c - a book of Battle

   Spells                             Type                      Level
   *Infusion                          Charms                       1
   *Shroud of Golubria                Charms/Translocation         2
   Song of Slaying                    Charms                       2
   Spectral Weapon                    Hexes/Charms                 3
   *Regeneration                      Charms/Necromancy            3
   Song of Shielding                  Charms                       4


   Skills:
 + Level 5.4 Fighting
 + Level 7.2 Short Blades
 - Level 5.0 Armour
 + Level 5.9 Dodging
 + Level 2.4 Spellcasting
 + Level 7.5 Charms


You had 2 spell levels left.
You knew the following spells:

 Your Spells              Type           Power        Failure   Level  Hunger
a - Infusion              Chrm           ####..       1%          1    #......
b - Shroud of Golubria    Chrm/Tloc      ##........   10%         2    ##.....
c - Regeneration          Chrm/Necr      ##........   14%         3    ####...


Dungeon Overview and Level Annotations

Branches:
Dungeon (4/27)             Temple (1/1) D:4

Altars:
Ashenzari
Cheibriados
Elyvilon
Fedhas
Kikubaaqudgha
Nemelex Xobeh
Sif Muna
Trog
Vehumet
Xom
Yredelemnul
Zin
the Shining One

Annotations:
D:3 1 exclusion


Message History

The orc hits you with an orcish flail!
The orc splashes around in the water.
The giant gecko closely misses you. The orc hits you with an orcish flail.
The orc hits you with an orcish hand axe.
An orc wizard comes into view. It is wielding an orcish dagger.
The orc wizard shouts!
The worker ant bites you.
The orc splashes around in the water.
The orc priest becomes somewhat translucent.
The orc hits you but does no damage. The worker ant misses you.
The orc wizard looks braver.
The orc wizard casts a spell at you. The magic dart hits you!
* * * LOW HITPOINT WARNING * * *
The orc priest suddenly roars.
The worker ant bites you but does no damage.
The orc wizard gestures at you while chanting.
You feel yourself slow down.
The giant gecko bites you but does no damage.
The orc priest mumbles some strange prayers to Beogh against you.
Something smites you!
You die...

#o# #.#######.# #.#
###.### #.# #.# #.....#
#.##### #.#
###....<#####.....# #o#
#.............###.#
##.####..§§§§..####.#
#)# #.....o..≈§§§≈.#
#.###.# #..####o§o§§§§≈#
#.....# #....o..§l@>≈§§#
###..##
#.####.#oa§§≈§≈######..#
#.#
#...o§§§≈.........####
#.#
###..≈§§..#######.....
#o# ###..##########.....
#.# ##.##..........###
#.# #o##.########## #.#
#.##.# #.# #.##.#


You could see a worker ant, an orc priest, 2 orc wizards, 4 orcs and a giant
gecko.

Vanquished Creatures
  2 worker ants (D:4)
  Jessica (D:3)
  2 giant mites
  2 worms (D:4)
  2 giant geckos
  An orc (D:3)
  8 bats
  6 giant cockroaches
  10 hobgoblins
  3 jackals (D:1)
  A quokka (D:4)
  3 giant newts
  6 goblins
  9 kobolds
  A kobold zombie (D:4)
  7 rats
  A butterfly (D:4)
65 creatures vanquished.

Notes
Turn   | Place    | Note
--------------------------------------------------------------
     0 | D:1      | Charos, the High Elf Skald, began the quest for the Orb.
     0 | D:1      | Reached XP level 1. HP: 13/13 MP: 4/4
    33 | D:1      | Reached skill level 1 in Armour
   399 | D:1      | Reached XP level 2. HP: 18/18 MP: 6/6
   403 | D:1      | Learned a level 2 spell: Shroud of Golubria
  1385 | D:2      | Reached XP level 3. HP: 17/23 MP: 0/8
  1534 | D:2      | Found a sparkling altar of Nemelex Xobeh.
  2034 | D:3      | Reached skill level 4 in Charms
  2340 | D:3      | Learned a level 3 spell: Regeneration
  2916 | D:3      | Found a shimmering altar of Xom.
  2959 | D:3      | Noticed Jessica
  2980 | D:3      | Killed Jessica
  2980 | D:3      | Reached XP level 4. HP: 15/29 MP: 11/11
  3391 | D:4      | Found a staircase to the Ecumenical Temple.
  3401 | Temple   | Entered the Ecumenical Temple
  3732 | D:4      | Reached skill level 5 in Fighting
  3732 | D:4      | Reached skill level 7 in Short Blades
  3732 | D:4      | Reached skill level 5 in Dodging
  3732 | D:4      | Reached XP level 5. HP: 34/36 MP: 13/13
  3809 | D:4      | Reached skill level 5 in Armour
  4334 | D:4      | Killed from afar by an orc priest

Action                   |  1- 3 |  4- 6 || total
-------------------------+-------+-------++-------
Melee: Short sword       |   143 |   116 ||   259
Throw: Dart              |     5 |     8 ||    13
 Cast: Infusion          |     6 |     3 ||     9
       Shroud of Golubri |    13 |    10 ||    23
       Regeneration      |     1 |     4 ||     5
Evoke: Wand              |     2 |       ||     2
  Use: Potion            |     3 |     1 ||     4
       Scroll            |       |     2 ||     2
 Stab: Distracted        |     1 |       ||     1
       Confused          |     1 |       ||     1
